TOP OF THE 1ST |
Penn State Nittany Lions batting - Pitching for California Golden Bears : LHP Randy Hawk
|
Pitching: LHP Randy Hawk
|
|
Batting: RHB José Rodríguez
|
0-0: Ball 1-0: Foul Ball, location: 2F 1-1: Foul Ball, location: 2F 1-2: Ball 2-2: Strikes out swinging
|
Batting: RHB Lane Wilcox
|
0-0: SINGLE (Groundball, 34S) (infield hit)
|
Batting: LHB Bill Green
|
0-0: Called Strike 0-1: Ball 1-1: Foul Ball, location: 2F 1-2: Ball 2-2: Grounds into double play, 4-6-3 (Groundball, 4)
|
Top of the 1st over - 0 run(s), 1 hit(s), 0 error(s), 0 left on base; Penn State 0 - California 0 |
BOTTOM OF THE 1ST |
California Golden Bears batting - Pitching for Penn State Nittany Lions : LHP Lawrence Neal
|
Pitching: LHP Lawrence Neal
|
|
Batting: LHB B.J. Ware
|
0-0: Ball 1-0: Swinging Strike 1-1: Swinging Strike 1-2: Strikes out swinging
|
Batting: RHB Johnny Phillips
|
0-0: Foul Ball, location: 2F 0-1: Reached on error, E5 (Groundball, 5)
|
Batting: RHB Sergio González
|
0-0: Ball 1-0: Foul Ball, location: 2F 1-1: Ball 2-1: Foul Ball, location: 2F 2-2: DOUBLE (Line Drive, 89D) Johnny Phillips to third Runner from 3rd tries for Home, SAFE, throw made home
|
Batting: RHB Miguel Angel Díaz
|
0-0: Ball 1-0: Called Strike 1-1: Foul Ball, location: 2F 1-2: Ball 2-2: Ball 3-2: Foul Ball, location: 2F 3-2: Foul Ball, location: 2F 3-2: Base on Balls
|
Batting: RHB Phil Cabrera
|
0-0: Swinging Strike 0-1: Swinging Strike 0-2: Ground out 5-3 (Groundball, 56S) Sergio González to third Miguel Angel Díaz to second
|
Batting: SHB Dan Morse
|
0-0: SINGLE (Groundball, 6MD) Sergio González scores Miguel Angel Díaz to third Runner from 3rd tries for Home, SAFE, no throw
|
Batting: RHB Mike Hammond
|
0-0: Fielders Choice at 2nd, U4 (Groundball, 4M)
|
Bottom of the 1st over - 3 run(s), 2 hit(s), 1 error(s), 1 left on base; Penn State 0 - California 3 |
TOP OF THE 2ND |
Penn State Nittany Lions batting - Pitching for California Golden Bears : LHP Randy Hawk
|
Batting: LHB Ángel Santos
|
0-0: Fly out, F8 (Flyball, 8RS)
|
Batting: SHB Francisco Madrigal
|
0-0: Fly out, F9 (Flyball, 9S)
|
Batting: LHB Mauro Flores
|
0-0: Foul Ball, location: 2F 0-1: Fly out, F7 (Flyball, 78M)
|
Top of the 2nd over - 0 run(s), 0 hit(s), 0 error(s), 0 left on base; Penn State 0 - California 3 |
BOTTOM OF THE 2ND |
California Golden Bears batting - Pitching for Penn State Nittany Lions : LHP Lawrence Neal
|
Batting: RHB Cal Cox
|
0-0: Fly out, F8 (Flyball, 8RD)
|
Batting: RHB Cisco Villa
|
0-0: Ball 1-0: Called Strike 1-1: Foul Ball, location: 2F 1-2: Foul Ball, location: 2F 1-2: Ball 2-2: Foul Ball, location: 2F 2-2: Strikes out swinging
|
Batting: LHB B.J. Ware
|
0-0: Foul Ball, location: 2F 0-1: Ball 1-1: Swinging Strike 1-2: Ball 2-2: Ball 3-2: Foul Ball, location: 2F 3-2: Strikes out swinging
|
Bottom of the 2nd over - 0 run(s), 0 hit(s), 0 error(s), 0 left on base; Penn State 0 - California 3 |
TOP OF THE 3RD |
Penn State Nittany Lions batting - Pitching for California Golden Bears : LHP Randy Hawk
|
Batting: RHB Jack Shaw
|
0-0: Ball 1-0: Ball 2-0: Called Strike 2-1: Foul Ball, location: 2F 2-2: Foul Ball, location: 2F 2-2: Strikes out swinging
|
Batting: LHB Steve King
|
0-0: Ground out 4-3 (Groundball, 4M)
|
Batting: SHB Danny Parkins
|
0-0: Ball 1-0: Ball 2-0: Swinging Strike 2-1: Ball 3-1: SINGLE (Flyball, 8RS)
|
Batting: RHB José Rodríguez
|
0-0: Ball 1-0: Fly out, F8 (Line Drive, 8RM)
|
Top of the 3rd over - 0 run(s), 1 hit(s), 0 error(s), 1 left on base; Penn State 0 - California 3 |
BOTTOM OF THE 3RD |
California Golden Bears batting - Pitching for Penn State Nittany Lions : LHP Lawrence Neal
|
Batting: RHB Johnny Phillips
|
0-0: Ball 1-0: Ball 2-0: Ball 3-0: Base on Balls
|
Batting: RHB Sergio González
|
0-0: Called Strike 0-1: Swinging Strike 0-2: Grounds into double play, 6-4-3 (Groundball, 6)
|
Batting: RHB Miguel Angel Díaz
|
0-0: Called Strike 0-1: Ground out 6-3 (Groundball, 6S)
|
Bottom of the 3rd over - 0 run(s), 0 hit(s), 0 error(s), 0 left on base; Penn State 0 - California 3 |
TOP OF THE 4TH |
Penn State Nittany Lions batting - Pitching for California Golden Bears : LHP Randy Hawk
|
Batting: RHB Lane Wilcox
|
0-0: Swinging Strike 0-1: Called Strike 0-2: Ball 1-2: Ball 2-2: Foul Ball, location: 2F 2-2: Strikes out swinging
|
Batting: LHB Bill Green
|
0-0: Called Strike 0-1: Ball 1-1: Ball 2-1: Ball 3-1: Ground out 4-3 (Groundball, 4M)
|
Batting: LHB Ángel Santos
|
0-0: Ball 1-0: Swinging Strike 1-1: Ground out 3-1 (Groundball, 34)
|
Top of the 4th over - 0 run(s), 0 hit(s), 0 error(s), 0 left on base; Penn State 0 - California 3 |
BOTTOM OF THE 4TH |
California Golden Bears batting - Pitching for Penn State Nittany Lions : LHP Lawrence Neal
|
Batting: RHB Phil Cabrera
|
0-0: Ball 1-0: Ball 2-0: Ground out 1-3 (Groundball, 13S)
|
Batting: SHB Dan Morse
|
0-0: Ball 1-0: Swinging Strike 1-1: Ball 2-1: Ball 3-1: Called Strike 3-2: Foul Ball, location: 2F 3-2: Base on Balls
|
Batting: RHB Mike Hammond
|
0-0: Ball 1-0: Fly out, F6 (Popup, 56D)
|
Batting: RHB Cal Cox
|
0-0: Swinging Strike 0-1: Swinging Strike 0-2: Ball 1-2: Ball 2-2: Strikes out swinging
|
Bottom of the 4th over - 0 run(s), 0 hit(s), 0 error(s), 1 left on base; Penn State 0 - California 3 |
TOP OF THE 5TH |
Penn State Nittany Lions batting - Pitching for California Golden Bears : LHP Randy Hawk
|
Batting: SHB Francisco Madrigal
|
0-0: Ball 1-0: Ground out 6-3 (Groundball, 6D)
|
Batting: LHB Mauro Flores
|
0-0: Called Strike 0-1: Called Strike 0-2: Ball 1-2: Ball 2-2: Ground out 3-1 (Groundball, 34)
|
Batting: RHB Jack Shaw
|
0-0: Ball 1-0: Called Strike 1-1: Fly out, F8 (Flyball, 8RS)
|
Top of the 5th over - 0 run(s), 0 hit(s), 0 error(s), 0 left on base; Penn State 0 - California 3 |
BOTTOM OF THE 5TH |
California Golden Bears batting - Pitching for Penn State Nittany Lions : LHP Lawrence Neal
|
Batting: RHB Cisco Villa
|
0-0: Foul Ball, location: 2F 0-1: Ball 1-1: Ball 2-1: Foul Ball, location: 2F 2-2: SINGLE (Groundball, 34) (infield hit)
|
Batting: LHB B.J. Ware
|
0-0: Called Strike 0-1: Ball 1-1: Swinging Strike 1-2: Strikes out swinging
|
Batting: RHB Johnny Phillips
|
0-0: Ball 1-0: Ball 2-0: Foul Ball, location: 2F 2-1: Called Strike 2-2: Ground out 4-3 (Groundball, 4MD) Cisco Villa to second
|
Batting: RHB Sergio González
|
0-0: Ball 1-0: Ball 2-0: Foul Ball, location: 2F 2-1: Fly out, F9 (Flyball, 9S)
|
Bottom of the 5th over - 0 run(s), 1 hit(s), 0 error(s), 1 left on base; Penn State 0 - California 3 |
TOP OF THE 6TH |
Penn State Nittany Lions batting - Pitching for California Golden Bears : LHP Randy Hawk
|
Batting: LHB Steve King
|
0-0: Swinging Strike 0-1: Ball 1-1: Ball 2-1: Ground out U3 (Groundball, 34S)
|
Batting: SHB Danny Parkins
|
0-0: Foul Ball, location: 2F 0-1: Ground out 4-3 (Groundball, 4)
|
Batting: RHB José Rodríguez
|
0-0: Called Strike 0-1: Foul Ball, location: 2F 0-2: Ball 1-2: SOLO HOME RUN (Flyball, 7D), Distance : 351 ft
|
Batting: RHB Lane Wilcox
|
0-0: Ball 1-0: DOUBLE (Line Drive, 8LM)
|
Batting: LHB Bill Green
|
0-0: Called Strike 0-1: Ball 1-1: Foul Ball, location: 2F 1-2: Ball 2-2: Ball 3-2: Base on Balls
|
Batting: LHB Ángel Santos
|
0-0: SINGLE (Groundball, 56D) Lane Wilcox to third Bill Green to second Runner from 3rd tries for Home, SAFE, no throw
|
Batting: SHB Francisco Madrigal
|
0-0: Ball 1-0: Ball 2-0: Ball 3-0: Swinging Strike 3-1: Foul Ball, location: 2F 3-2: Strikes out looking
|
Top of the 6th over - 2 run(s), 3 hit(s), 0 error(s), 2 left on base; Penn State 2 - California 3 |
BOTTOM OF THE 6TH |
California Golden Bears batting - Pitching for Penn State Nittany Lions : LHP Lawrence Neal
|
Pitching: RHP Jacob Nolan
|
|
Batting: RHB Miguel Angel Díaz
|
0-0: Called Strike 0-1: Called Strike 0-2: Ball 1-2: Ball 2-2: Ball 3-2: Base on Balls
|
Batting: RHB Phil Cabrera
|
0-0: Foul Ball, location: 2F 0-1: Fly out, F6 (Line Drive, 6)
|
Batting: SHB Dan Morse
|
0-0: Called Strike 0-1: Ball 1-1: Ball 2-1: Grounds into double play, 4-6-3 (Groundball, 4)
|
Bottom of the 6th over - 0 run(s), 0 hit(s), 0 error(s), 0 left on base; Penn State 2 - California 3 |
TOP OF THE 7TH |
Penn State Nittany Lions batting - Pitching for California Golden Bears : LHP Randy Hawk
|
Batting: LHB Mauro Flores
|
0-0: Called Strike 0-1: Ball 1-1: Called Strike 1-2: Ball 2-2: Fly out, F7 (Flyball, 7LMF)
|
Pitching: RHP Vic Curtis
|
|
Batting: RHB Jack Shaw
|
0-0: Called Strike 0-1: Swinging Strike 0-2: Ball 1-2: Fly out, F4 (Popup, 34D)
|
Batting: LHB Steve King
|
0-0: Ball 1-0: Called Strike 1-1: Ball 2-1: Foul Ball, location: 2F 2-2: Strikes out looking
|
Top of the 7th over - 0 run(s), 0 hit(s), 0 error(s), 0 left on base; Penn State 2 - California 3 |
BOTTOM OF THE 7TH |
California Golden Bears batting - Pitching for Penn State Nittany Lions : RHP Jacob Nolan
|
Batting: RHB Mike Hammond
|
0-0: Ball 1-0: Called Strike 1-1: Foul Ball, location: 2F 1-2: Strikes out looking
|
Batting: RHB Cal Cox
|
0-0: Fly out, F4 (Popup, 4)
|
Batting: RHB Cisco Villa
|
0-0: Ball 1-0: SOLO HOME RUN (Flyball, 78D), Distance : 364 ft
|
Batting: LHB B.J. Ware
|
0-0: Foul Ball, location: 2F 0-1: Called Strike 0-2: Ball 1-2: Ball 2-2: Foul Ball, location: 2F 2-2: SINGLE (Flyball, 7LS)
|
Batting: RHB Johnny Phillips
|
0-0: Ball 1-0: Ball 2-0: Swinging Strike 2-1: Swinging Strike 2-2: Strikes out swinging
|
Bottom of the 7th over - 1 run(s), 2 hit(s), 0 error(s), 1 left on base; Penn State 2 - California 4 |
TOP OF THE 8TH |
Penn State Nittany Lions batting - Pitching for California Golden Bears : RHP Vic Curtis
|
Batting: SHB Danny Parkins
|
0-0: Ball 1-0: Foul Ball, location: 2F 1-1: Called Strike 1-2: Ball 2-2: Strikes out looking
|
Batting: RHB José Rodríguez
|
0-0: Ball 1-0: Fly out, F7 (Line Drive, 7)
|
Batting: RHB Lane Wilcox
|
0-0: Ground out 1-3 (Groundball, P)
|
Top of the 8th over - 0 run(s), 0 hit(s), 0 error(s), 0 left on base; Penn State 2 - California 4 |
BOTTOM OF THE 8TH |
California Golden Bears batting - Pitching for Penn State Nittany Lions : RHP Jacob Nolan
|
Batting: RHB Sergio González
|
0-0: Ball 1-0: Called Strike 1-1: Ball 2-1: Fly out, F8 (Flyball, 8RM)
|
Batting: RHB Miguel Angel Díaz
|
0-0: Swinging Strike 0-1: Ball 1-1: Ball 2-1: Foul Ball, location: 2F 2-2: Ball 3-2: Base on Balls
|
Batting: RHB Phil Cabrera
|
0-0: Called Strike 0-1: Foul Ball, location: 2F 0-2: Ball 1-2: Ground out 5-3 (Groundball, 5S) Miguel Angel Díaz to second
|
Batting: SHB Dan Morse
|
0-0: Ball 1-0: Called Strike 1-1: Swinging Strike 1-2: Ball 2-2: Foul Ball, location: 2F 2-2: Foul Ball, location: 2F 2-2: Ball 3-2: Strikes out swinging
|
Bottom of the 8th over - 0 run(s), 0 hit(s), 0 error(s), 1 left on base; Penn State 2 - California 4 |
TOP OF THE 9TH |
Penn State Nittany Lions batting - Pitching for California Golden Bears : RHP Vic Curtis
|
Pitching: RHP Mark Crouch
|
|
Batting: LHB Bill Green
|
0-0: Ball 1-0: Ball 2-0: Called Strike 2-1: Called Strike 2-2: Ball 3-2: Base on Balls
|
Batting: LHB Ángel Santos
|
0-0: Ball 1-0: Ball 2-0: Foul Ball, location: 2F 2-1: Grounds into double play, 4-6-3 (Groundball, 4)
|
Batting: SHB Francisco Madrigal
|
0-0: Foul Ball, location: 2F 0-1: Called Strike 0-2: Ball 1-2: Strikes out looking
|
Top of the 9th over - 0 run(s), 0 hit(s), 0 error(s), 0 left on base; Penn State 2 - California 4 |
|